 Dungeon Crawl Stone Soup version 0.19.4-10-g532645f (webtiles) character file.

2071 JeffiDaFish the Basher (level 9, 0/54 HPs)
             Began as a Gargoyle Fighter on Feb 23, 2017.
             Killed by divine providence
             ... invoked by an orc priest
              (14 damage)
             ... on level 7 of the Dungeon.
             The game lasted 00:12:57 (5695 turns).

JeffiDaFish the Basher (Gargoyle Fighter)           Turns: 5695, Time: 00:12:58

Health: 0/54       AC: 19    Str: 19    XL:     9   Next: 26%
Magic:  9/9        EV:  7    Int: 10    God:
Gold:   446        SH: 10    Dex: 12    Spells: 0 memorised, 8 levels left

rFire  + . .     SeeInvis .     a - +1 flail
rCold  . . .     Gourm    .     e - +0 chain mail
rNeg   + + .     Faith    +     c - +0 shield
rPois  ∞         Spirit   .     r - +0 helmet
rElec  +         Reflect  .     n - +0 cloak
rCorr  .         Harm     .     b - +0 pair of gloves
MR     .....                    (no boots)
Stlth  ..........               y - amulet of faith
                                s - ring of protection from fire
                                l - ring of positive energy

@: slowed, very slow
A: negative energy resistance 1, electricity resistance, unbreathing,
petrification resistance, rot immunity, AC +5
a: no special abilities


You were on level 7 of the Dungeon.
You were very hungry.

You visited 1 branch of the dungeon, and saw 7 of its levels.

You collected 446 gold pieces.

Inventory:

Hand Weapons
 a - a +1 flail (weapon)
Armour
 b - a +0 pair of gloves (worn)
 c - a +0 shield (worn)
 e - a +0 chain mail (worn)
 n - a +0 cloak (worn)
 r - a +0 helmet (worn)
Jewellery
 l - a ring of positive energy (left hand)
 s - a ring of protection from fire (right hand)
 y - an amulet of faith (around neck)
Scrolls
 g - 3 scrolls of identify
 k - 2 scrolls of blinking
 o - a scroll of amnesia
 p - a scroll of magic mapping
 q - a scroll of fog
 u - 2 scrolls of teleportation
 w - 2 scrolls of remove curse
 x - 2 scrolls of recharging
Potions
 d - 2 potions of might
 t - a potion of haste
 v - a potion of lignification {unknown}
 z - 2 potions of brilliance
Comestibles
 f - 4 bread rations
 h - 5 meat rations
 j - a slice of pizza
 m - 2 beef jerkies


   Skills:
 + Level 5.5 Fighting
 + Level 8.0 Maces & Flails
 + Level 6.3 Armour
 + Level 2.0 Dodging
 + Level 0.5 Stealth
 + Level 7.0 Shields


You had 8 spell levels left.
You didn't know any spells.

Dungeon Overview and Level Annotations

Branches:
Dungeon (7/15)
 Temple: D:4-7

Altars:
Ashenzari
Cheibriados
Kikubaaqudgha
Xom

Shops:
D:4 }


Innate Abilities, Weirdness & Mutations

You are resistant to torment.
Your stone body is resilient. (AC +5)
You are immune to poison.
You resist negative energy. (rN+)
You are resistant to electric shocks. (rElec)
You can survive without breathing.
You are immune to petrification.
You are immune to rotting.


Message History

The orc wizard hits you but does no damage.
You block the orc warrior's attack.
The orc wizard hits you but does no damage.
You barely miss the orc warrior.
The orc warrior is severely wounded.
You block the orc wizard's attack. The orc warrior hits you with a mace!
* * * LOW HITPOINT WARNING * * *
You hit the orc warrior but do no damage.
The orc warrior is severely wounded.
The orc wizard hits you but does no damage.
The orc warrior hits you with a mace.
* * * LOW HITPOINT WARNING * * *
The orc wizard casts a spell at you.
You feel yourself slow down.
You sock the orc warrior!
The orc warrior is almost dead.
The orc wizard hits you but does no damage.
The orc priest invokes the aid of Beogh against you.
Beogh smites you!
You die...

...>.............#.
...#...............
.................#
#...............#
#....#...[....# #
##.....#.#.....## .#
.....#.#.##..#####..#
##.#.....###o###.....
######.###.o@oo......##
w._.#..##...##.........
.._.#......##..........
._.l#..<##.###.........
.._$#.......##........≈
_._.##.##...##oo.....≈.
#### #. #.###≈..o;≈..≈.
. #. ..# ≈≈..≈..≈..≈ ..
≈≈..≈..≈⌠.≈


You could see an orc warrior, an orc priest, an orc wizard and an orc.

Vanquished Creatures
  The ghost of Wextippler the Grave Robber, an amateur DsNe (D:3)
  An orc warrior (D:6)
  A black bear (D:6)
  An ice beast (D:5)
  A necrophage (D:5)
  3 ogres
  A centaur (D:6)
  Blork the orc (D:4)
  3 bullfrogs
  A scorpion (D:4)
  4 wights (D:6)
  A centaur zombie (D:5)
  A crimson imp (D:6)
  A hound (D:4)
  A jelly (D:5)
  5 orc wizards
  Crazy Yiuf (D:2)
  2 orc priests
  2 iguanas
  4 worker ants
  Ijyb (D:2)
  Natasha (twice) (D:2)
  A killer bee zombie (D:7)
  A hound zombie (D:5)
  A howler monkey zombie (D:5)
  Robin (D:4)
  3 gnolls (D:5)
  An adder (D:2)
  An ooze (D:1)
  An adder skeleton (D:5)
  3 worms
  2 dart slugs
  2 leopard geckos
  10 orcs
  7 bats
  8 giant cockroaches
  19 goblins
  7 hobgoblins
  3 quokkas
  A ball python (D:1)
  9 frilled lizards
  9 kobolds
  4 rats
133 creatures vanquished.

Notes
Turn   | Place    | Note
-------+----------+-------------------------------------------
     0 | D:1      | JeffiDaFish the Gargoyle Fighter began the quest for the Orb.
     0 | D:1      | Reached XP level 1. HP: 14/14 MP: 1/1
   131 | D:1      | Reached XP level 2. HP: 19/19 MP: 2/2
   671 | D:1      | Reached XP level 3. HP: 24/24 MP: 3/3
   864 | D:2      | Found a faded altar of an unknown god.
   948 | D:2      | Noticed Ijyb
   953 | D:2      | Noticed Natasha
   954 | D:2      | Killed Ijyb
   954 | D:2      | Reached skill level 3 in Maces & Flails
   954 | D:2      | Reached XP level 4. HP: 28/29 MP: 4/4
   963 | D:2      | Killed Natasha
  1165 | D:2      | Noticed Natasha
  1171 | D:2      | Killed Natasha
  1171 | D:2      | Reached XP level 5. HP: 26/33 MP: 5/5
  1320 | D:2      | Found a runed door.
  1324 | D:2      | Noticed Crazy Yiuf
  1335 | D:2      | Killed Crazy Yiuf
  1440 | D:3      | Noticed Wextippler's ghost (amateur DsNe)
  1458 | D:3      | Killed Wextippler's ghost
  1458 | D:3      | Reached skill level 4 in Maces & Flails
  1458 | D:3      | Reached XP level 6. HP: 29/39 MP: 6/6
  1674 | D:3      | Found a snail-covered altar of Cheibriados.
  1838 | D:3      | Found an ancient bone altar of Kikubaaqudgha.
  1965 | D:4      | Reached skill level 5 in Maces & Flails
  1976 | D:4      | Noticed Robin
  2025 | D:4      | Killed Robin
  2073 | D:4      | Found Wodo's Gadget Shop.
  2116 | D:4      | Reached XP level 7. HP: 38/44 MP: 7/7
  2319 | D:4      | Found a shattered altar of Ashenzari.
  2338 | D:4      | Noticed Blork the orc
  2355 | D:4      | Killed Blork the orc
  2355 | D:4      | Reached skill level 5 in Shields
  2638 | D:5      | Entered Level 5 of the Dungeon
  2737 | D:5      | Reached skill level 1 in Dodging
  2908 | D:5      | Reached skill level 6 in Maces & Flails
  3218 | D:5      | Reached skill level 5 in Armour
  3218 | D:5      | Reached XP level 8. HP: 34/48 MP: 8/8
  4591 | D:6      | Reached skill level 7 in Maces & Flails
  4926 | D:6      | Reached skill level 5 in Fighting
  4937 | D:6      | Reached XP level 9. HP: 26/54 MP: 9/9
  5633 | D:7      | Found a shimmering altar of Xom.
  5633 | D:7      | Found a shimmering altar of Xom.
  5633 | D:7      | Found a shimmering altar of Xom.
  5633 | D:7      | Found a shimmering altar of Xom.
  5633 | D:7      | Found a shimmering altar of Xom.
  5633 | D:7      | Found a shimmering altar of Xom.
  5684 | D:7      | Reached skill level 8 in Maces & Flails
  5695 | D:7      | Killed from afar by an orc priest

Skill      XL: |  1  2  3  4  5  6  7  8  9 |
---------------+----------------------------+-----
Fighting       | 4 5 |  5.5
Maces & Flails | 3 4 5 6 7 8 |  8.0
Shields        | 4 5 6 7 |  7.0
Armour         | 4 5 6 |  6.3
Dodging        | 1 2 |  2.0
Stealth        | |  0.5

Action                   |  1- 3 |  4- 6 |  7- 9 || total
-------------------------+-------+-------+-------++-------
Melee: Flail             |   110 |   230 |   389 ||   729
  Use: Scroll            |     4 |     6 |     3 ||    13
       Potion            |     1 |     3 |     5 ||     9
  Eat: Chunk             |       |     5 |    11 ||    16
Armor: Scale mail        |    11 |       |       ||    11
       Chain mail        |    69 |   148 |   229 ||   446
Dodge: Dodged            |    24 |    52 |    73 ||   149
Block: Shield            |    63 |   125 |   197 ||   385
